 Dungeon Crawl Stone Soup version 0.18-a0-1782-gb76a692 (webtiles) character file.

256 Lovchig the Insei (level 5, -1/41 HPs)
             Began as a Vampire Monk on Apr 17, 2016.
             Slain by a gnoll
             ... wielding a +0 halberd
              (11 damage)
             ... on level 4 of the Dungeon.
             The game lasted 00:17:09 (3010 turns).

Lovchig the Insei (Vampire Monk)                    Turns: 3010, Time: 00:17:10

Health: -1/41      AC:  9    Str: 11    XL:     5   Next: 92%
Magic:  5/5        EV:  6    Int: 16    God:
Gold:   207        SH:  0    Dex: 16    Spells: 0 memorised, 4 levels left

rFire  . . .     SeeInvis +       - Unarmed
rCold  . . .     Gourm    .     o - +0 chain mail
rNeg   . . .     Faith    .     (no shield)
rPois  .         Spirit   .     (no helmet)
rElec  .         Dismiss  .     (no cloak)
rCorr  .         Reflect  .     (no gloves)
SustAt .         Harm     .     g - +0 pair of boots
MR     .....                    (no amulet)
Stlth  ..........               f - ring of wizardry
                                k - +3 ring of intelligence

@: regenerating quickly, not resistant to hostile enchantments, extremely
unstealthy
A: fangs 3, see invisible, unbreathing
a: no special abilities


You were on level 4 of the Dungeon.
You were very full.

You visited 1 branch of the dungeon, and saw 4 of its levels.

You collected 207 gold pieces.

Inventory:

Hand Weapons
 p - a +1 spear of piercing
Armour
 a - a +0 robe
 d - a +0 scale mail
 g - a +0 pair of boots (worn)
 o - a +0 chain mail (worn)
 t - the +2 ring mail "Heulun" {-Tele rN++, unknown}
   (You found it on level 4 of the Dungeon)

   It greatly protects you from negative energy.
   It prevents most forms of teleportation.
Jewellery
 f - a ring of wizardry (right hand)
 k - a +3 ring of intelligence (left hand)
Scrolls
 b - a scroll of identify
 e - 2 scrolls of teleportation
 h - a scroll of blinking {unknown}
 i - 4 scrolls of remove curse {unknown}
 l - a scroll of noise {unknown}
 m - a scroll of enchant weapon {unknown}
 s - a scroll of enchant armour {unknown}
Potions
 c - 2 potions of ambrosia
 j - 2 potions of degeneration
 n - a potion of curing {unknown}
 q - a potion of brilliance {unknown}
 r - a potion of might {unknown}


   Skills:
 * Level 3.6 Fighting
 * Level 2.0 Armour
 * Level 4.6 Dodging
 - Level 3.0 Stealth
 * Level 5.7 Unarmed Combat


You had 4 spell levels left.
You didn't know any spells.

Dungeon Overview and Level Annotations

Branches:
Dungeon (4/15)
 Temple: D:4-7

Altars:
Makhleb
Zin


Innate Abilities, Weirdness & Mutations

Your natural rate of healing is unusually fast.
You have razor-sharp teeth.
You have supernaturally acute eyesight.
You can survive without breathing.


Message History

You hit the gnoll.
The gnoll is severely wounded.
The gnoll hits you from afar with a halberd!
The gnoll hits you with a whip.
You barely miss the gnoll.
The gnoll is severely wounded.
The gnoll barely misses you. x2
You hit the gnoll. Your bite misses the gnoll.
The gnoll is almost dead.
The gnoll hits you with a whip!
The gnoll hits you from afar with a spear.
Your chain mail prevents you from hitting the gnoll.
The gnoll is almost dead.
The gnoll barely misses you. The gnoll hits you with a whip.
* * * LOW HITPOINT WARNING * * *
You hit the gnoll.
You kill the gnoll!
The gnoll barely misses you.
The gnoll hits you from afar with a halberd!
You die...

#............#...
########............#
#............#+
#..............
#..............
#..........#...
#.......gg...#
#.......).# #......@..+
#######.........####
#...................
#.#####################
#.#...................#
#.#.#################.#
#.#.# #.# #.#.# #.#
#.#.# #.#


You could see 2 gnolls.

Vanquished Creatures
  The ghost of Yawgmoth the Insei, an amateur OpTm (D:4)
  A hound (D:2)
  Ijyb (D:2)
  An adder (D:3)
  A gnoll (D:4)
  An ooze (D:3)
  5 worms
  2 dart slugs
  A giant gecko (D:3)
  7 orcs
  10 bats
  A giant cockroach (D:1)
  7 goblins
  10 hobgoblins
  12 jackals
  3 quokkas
  3 giant newts
  6 kobolds
  A quokka skeleton (D:4)
  3 rats
77 creatures vanquished.

Notes
Turn   | Place    | Note
--------------------------------------------------------------
     0 | D:1      | Lovchig the Vampire Monk began the quest for the Orb.
     0 | D:1      | Reached XP level 1. HP: 17/17 MP: 1/1
   127 | D:1      | Reached XP level 2. HP: 22/23 MP: 2/2
   428 | D:1      | Reached XP level 3. HP: 29/29 MP: 3/3
  1158 | D:2      | Noticed Ijyb
  1186 | D:2      | Killed Ijyb
  1186 | D:2      | Reached skill level 5 in Unarmed Combat
  1186 | D:2      | Reached XP level 4. HP: 27/35 MP: 4/4
  1269 | D:2      | Found a burning altar of Makhleb.
  1281 | D:2      | Reached skill level 1 in Armour
  1626 | D:2      | Found a glowing silver altar of Zin.
  1703 | D:3      | You fall through a shaft!
  1705 | D:4      | Got a warped ring mail
  1967 | D:3      | Reached XP level 5. HP: 36/41 MP: 5/5
  2436 | D:4      | Noticed Yawgmoth's ghost (amateur OpTm)
  2451 | D:4      | Killed Yawgmoth's ghost
  3010 | D:4      | Slain by a gnoll

Vault maps used:
D:1:      tarquinn_simple_flora_water_e, serial_park_tiny_2
D:2:      marbit_many_paths, grunt_decor_clamped, makhleb_blood_cavern_becter,
          uniq_iyjb
D:3:      kennysheep_nub, due_unseen_surprise
D:4:      serial_shops, shop, first_bread, tgw_trog, uniq_crazy_yiuf_cottage

Skill      XL: |  1  2  3  4  5 |
---------------+----------------+-----
Fighting       | 3 |  3.6
Dodging        | 4 |  4.6
Unarmed Combat | 5 |  5.7
Armour         | 1 2 |  2.0
Stealth        | |  3.0

Action                   |  1- 3 |  4- 6 || total
-------------------------+-------+-------++-------
Melee: Unarmed           |   149 |   194 ||   343
       Bite              |    13 |    25 ||    38
       Punch             |     2 |     2 ||     4
  Use: Scroll            |     1 |     2 ||     3
       Potion            |       |     1 ||     1
 Stab: Sleeping          |     1 |       ||     1
  Eat: Corpse            |    11 |    13 ||    24
Armor: Scale mail        |    34 |       ||    34
       Chain mail        |    40 |   158 ||   198
Dodge: Dodged            |    96 |    83 ||   179
